 Dungeon Crawl Stone Soup version 0.30-a0-142-g7370640ec8 (webtiles) character file.

Game seed: 18429024962503803605

7620 qw the Cleaver (level 11, -8/71 HPs)
             Began as a Gargoyle Fighter on Sept 26, 2022.
             Was a Believer of Okawaru.
             Mangled by an Executioner (17 damage)
             ... on level 2 of the Abyss.
             The game lasted 00:03:39 (9254 turns).

qw the Cleaver (Gargoyle Fighter)                   Turns: 9254, Time: 00:03:40

Health: -8/71      AC: 24    Str: 30    XL:     11   Next: 18%
Magic:  12/14      EV: 15    Int:  9    God:    Okawaru [**....]
Gold:   446        SH:  8    Dex: 21    Spells: 10/10 levels left

rFire   + + .      SeeInvis .    j - +8 war axe
rCold   + + .      Faith    .    c - +0 buckler
rNeg    + . .      Spirit   .    r - +1 chain mail {rC+}
rPois   inf        Reflect  .    t - +0 helmet "Ebriat Domn" {Dex+3}
rElec   +          Harm     .    p - scarf {rC+ rF+}
rCorr   .          Rampage  .    k - +0 pair of gloves of Eternal Vigilance {rF+ Dex+3}
Will    .....                    (no boots)
Stlth   ..........               b - amulet of the acrobat
HPRegen 0.21/turn                s - +6 ring of strength
MPRegen 0.14/turn                n - +6 ring of dexterity

@: heroic
A: sickness immunity, AC +8, negative energy resistance 1, electricity
resistance, torment resistance 1, petrification resistance
a: Renounce Religion, Heroism


You were on level 2 of the Abyss.
You worshipped Okawaru.
Okawaru was pleased with you.
You visited 2 branches of the dungeon, and saw 10 of its levels.
You visited the Abyss 1 time.

You collected 446 gold pieces.


Innate Abilities, Weirdness & Mutations

You are immune to sickness and miasma.
Your stone body is resilient. (AC +8)
You are immune to poison.
You resist negative energy. (rN+)
You are resistant to electric shocks. (rElec)
You are resistant to unholy torment.
You are immune to petrification.


   Skills:
 - Level 9.1(14.1) Fighting
 + Level 11.3(16.3) Axes
 - Level 6.0(11.0) Armour
 - Level 4.0(9.0) Dodging
 - Level 5.7(10.7) Shields
 - Level 4.0 Invocations


You had 10 spell levels left.
You didn't know any spells.
Your spell library was empty.

Inventory:

Hand Weapons
 f - a +4 morningstar
 j - a +8 war axe (weapon)
Armour
 c - a +0 buckler (worn)
 i - a +0 plate armour
 k - the +0 pair of gloves of Eternal Vigilance (worn) {rF+ Dex+3}
   (You found it on level 7 of the Dungeon)

   Dex:       It affects your dexterity (+3).
   rF:        It protects you from fire.
 p - a scarf of resistance (worn)
 r - a +1 chain mail of cold resistance (worn)
 t - the +0 helmet "Ebriat Domn" (worn) {Dex+3}
   (You found it on level 5 of the Dungeon)

   Dex:       It affects your dexterity (+3).
Jewellery
 b - an amulet of the acrobat (around neck)
 n - a +6 ring of dexterity (right hand)
 s - a +6 ring of strength (left hand)
 Y - a ring of resist corrosion
Scrolls
 h - 2 scrolls of identify
 q - a scroll of teleportation {unknown}
Potions
 a - a potion of attraction
 d - 3 potions of might
 e - 2 potions of lignification
 g - 2 potions of curing
 m - a potion of haste
 o - a potion of mutation

Dungeon Overview and Level Annotations

Branches:
Dungeon (9/15)             Temple (1/1) D:7
   Lair: D:8-11         Orc: D:9-12

Altars:
Ashenzari
Dithmenos
Elyvilon
Fedhas
Gozag
Hepliaklqana
Kikubaaqudgha
Makhleb
Nemelex Xobeh
Okawaru
Qazlal
Ru
Sif Muna
Trog
Uskayaw
Vehumet
Wu Jian
Xom
Yredelemnul
Zin
The Shining One

Shops:
D:1 =

Annotations:
D:7 4 runed translucent doors


Message History

Okawaru accepts your kill.
A wretched star comes into view.
9182 ||| Stepping ~*~*~tactically~*~*~ (stealth).
A thrashing horror comes into view.
9184 ||| Stepping ~*~*~tactically~*~*~ (stealth).
A wretched star is nearby!
9187 ||| Stepping ~*~*~tactically~*~*~ (stealth).
9188 ||| Stepping ~*~*~tactically~*~*~ (stealth).
9189 ||| Stepping ~*~*~tactically~*~*~ (stealth).
9190 ||| Stepping ~*~*~tactically~*~*~ (stealth).
9191 ||| Stepping ~*~*~tactically~*~*~ (stealth).
You feel like a meek peon again.
An Executioner comes into view.
9250 ||| Stepping ~*~*~tactically~*~*~ (stealth).
You miss the Executioner.
The Executioner gives a hideous shriek!
The Executioner hits you but does no damage.
The Executioner hits you. The Executioner barely misses you.
The Executioner gestures.
The Executioner seems to speed up.
9252 ||| INVOKING Heroism.
You gain the combat prowess of a mighty hero.
The Executioner hits you.
The Executioner hits you but does no damage.
The Executioner closely misses you. x2
The Executioner hits you but does no damage.
The Executioner barely misses you. The Executioner hits you! x2
The Executioner closely misses you.
You slash the Executioner!
The Executioner is moderately wounded.
The Executioner barely misses you.
The Executioner hits you but does no damage. x3
The Executioner hits you.
The Executioner hits you but does no damage.
You slice the Executioner!!
The Executioner is heavily wounded.
The Executioner hits you!
The Executioner hits you but does no damage.
You block the Executioner's attack. The Executioner hits you!
You die...

# #~ . .
##~.#. # .
~~~ . .~ ..
~# .# ~ #..
#~~#.# # ..
#####~.. # .
..
#.#........#
.# #....#
#.###. #
.#@##......
. # #. .
##1.# # . .#
#.###. . .#
#.. #. #.#
..# # ## #..
. # . .


You could see an Executioner (fast).

Vanquished Creatures
  Erica (D:8)
  A troll (D:7)
  Grinder (D:6)
  A hornet (D:7)
  11 yaks
  2 wyverns
  Eustachio (D:5)
  2 steam dragons
  Menkaure (D:5)
  A large abomination (Abyss:2)
  Edmund (D:5)
  A water moccasin (D:7)
  A black bear (D:5)
  A sky beast (D:7)
  2 orc warriors
  An ice beast (D:6)
  An ogre (D:4)
  2 phantoms (D:6)
  5 centaurs
  3 kobold brigands (D:8)
  3 necrophages
  5 bullfrogs
  5 scorpions
  8 wights
  A killer bee (D:7)
  4 howler monkeys
  4 hounds
  3 jellies
  A gnoll bouda (D:8)
  4 orc priests
  8 orc wizards
  5 iguanas
  6 adders
  13 gnolls
  A shadow imp (D:8)
  3 white imps
  An ufetubus (D:5)
  4 worms
  5 dart slugs
  17 orcs
  5 endoplasms
  4 giant cockroaches
  15 hobgoblins
  3 jackals (D:2)
  5 quokkas
  5 ball pythons
  7 bats
  2 frilled lizards
  6 goblins
  18 kobolds
  12 rats
223 creatures vanquished.

Notes
Turn   | Place    | Note
-------+----------+-------------------------------------------
     0 | D:1      | qw the Gargoyle Fighter began the quest for the Orb.
     0 | D:1      | Reached XP level 1. HP: 14/14 MP: 1/1
     0 | D:1      | 0 ||| qw: Version: 0.2-a-10-g399e6c4
     0 | D:1      | 0 ||| qw: Game counter: 442
     0 | D:1      | 0 ||| qw: Always use a shield: true
     0 | D:1      | 0 ||| qw: God list: Okawaru
     0 | D:1      | 0 ||| qw: Allow faded altars: false
     0 | D:1      | 0 ||| qw: Do Orc after D:15 true
     0 | D:1      | 0 ||| qw: Do second Lair branch before Depths: true
     0 | D:1      | 0 ||| qw: Lair rune preference: random
     0 | D:1      | 0 ||| qw: Plans: Normal, Zot:1-4, God:TSO, Crypt, Tomb,
                  | Pan, Slime:5, Hells, Abyss, Orb
     0 | D:1      | 0 ||| PLANNING D:1-11
    11 | D:1      | Reached skill level 2 in Axes
    42 | D:1      | 42 ||| Stepping ~*~*~tactically~*~*~ (stealth).
    43 | D:1      | 43 ||| Stepping ~*~*~tactically~*~*~ (stealth).
    49 | D:1      | 49 ||| Stepping ~*~*~tactically~*~*~ (stealth).
   168 | D:1      | Reached XP level 2. HP: 19/19 MP: 2/2
   200 | D:1      | Found a faded altar of an unknown god.
   235 | D:1      | Found Fatt's Jewellery Emporium.
   238 | D:1      | 238 ||| Stepping ~*~*~tactically~*~*~ (hiding).
   242 | D:1      | 242 ||| Stepping ~*~*~tactically~*~*~ (hiding).
   362 | D:1      | 362 ||| SHOPLISTING +6 ring of dexterity (504 gold, have
                  | 0).
   362 | D:1      | 362 ||| SHOPLISTING amulet of the acrobat (420 gold, have
                  | 0).
   362 | D:1      | 362 ||| SHOPLISTING ring of fire (350 gold, have 0).
   362 | D:1      | 362 ||| SHOPLISTING ring of see invisible (210 gold, have
                  | 0).
   362 | D:1      | 362 ||| SHOPLISTING ring of willpower (350 gold, have 0).
   483 | D:1      | Reached skill level 3 in Axes
   510 | D:1      | Reached XP level 3. HP: 23/23 MP: 3/3
   685 | D:1      | 685 ||| Stepping ~*~*~tactically~*~*~ (stealth).
   702 | D:1      | 702 ||| Stepping ~*~*~tactically~*~*~ (stealth).
   703 | D:1      | 703 ||| Stepping ~*~*~tactically~*~*~ (stealth).
  1041 | D:1      | 1041 ||| UPGRADING to +2 ring mail of cold resistance.
  1051 | D:1      | 1051 ||| DROPPING +0 scale mail.
  1052 | D:1      | 1052 ||| UPGRADING to +0 helmet.
  1057 | D:1      | 1057 ||| DROPPING amulet of faith.
  1058 | D:1      | 1058 ||| READING scroll labelled UBRAIZENUU.
  1059 | D:1      | 1059 ||| READING scroll labelled AXOKON UTAOMUT.
  1060 | D:1      | 1060 ||| DRINKING 2 smoky puce potions.
  1061 | D:1      | 1061 ||| DROPPING potion of brilliance.
  1242 | D:2      | Reached XP level 4. HP: 18/28 MP: 4/4
  1384 | D:2      | 1384 ||| Stepping ~*~*~tactically~*~*~ (stealth).
  1386 | D:2      | 1386 ||| Stepping ~*~*~tactically~*~*~ (stealth).
  1387 | D:2      | 1387 ||| Stepping ~*~*~tactically~*~*~ (stealth).
  1388 | D:2      | 1388 ||| Stepping ~*~*~tactically~*~*~ (stealth).
  1421 | D:2      | Reached skill level 4 in Axes
  1627 | D:2      | 1627 ||| DROPPING +0 club.
  2095 | D:2      | 2095 ||| UPGRADING to +0 chain mail.
  2105 | D:2      | 2105 ||| READING 2 scrolls labelled RERGHE FAITAKONT.
  2106 | D:2      | 2106 ||| READING scroll of enchant weapon.
  2106 | D:2      | 2106 ||| ENCHANTING +1 war axe.
  2107 | D:2      | 2107 ||| READING scroll labelled NAITZA GIAKK.
  2108 | D:2      | 2108 ||| DRINKING 2 sedimented ruby potions.
  2156 | D:3      | 2156 ||| READING scroll of enchant weapon.
  2156 | D:3      | 2156 ||| ENCHANTING +2 war axe.
  2261 | D:3      | 2261 ||| FLEEEEING.
  2507 | D:3      | 2507 ||| Stepping ~*~*~tactically~*~*~ (hiding).
  2508 | D:3      | 2508 ||| Stepping ~*~*~tactically~*~*~ (hiding).
  2864 | D:3      | Reached XP level 5. HP: 32/32 MP: 5/5
  3110 | D:3      | 3110 ||| DROPPING +0 whip.
  3149 | D:3      | Found an ornate altar of the Wu Jian Council.
  3242 | D:3      | 3242 ||| UPGRADING to amulet of the acrobat.
  3247 | D:3      | 3247 ||| UPGRADING to ring of resist corrosion.
  3248 | D:3      | 3248 ||| READING scroll labelled JIVI HIMNOE.
  3249 | D:3      | 3249 ||| READING scroll labelled CYCAPT REDDOSA.
  3302 | D:3      | 3302 ||| READING scroll labelled SUAB KUNUAVO.
  3403 | D:3      | 3403 ||| READING scroll labelled BURUIRGHORPH.
  3404 | D:3      | 3404 ||| DRINKING 3 smoky ruby potions.
  3405 | D:3      | 3405 ||| READING 3 scrolls of identify.
  3405 | D:3      | 3405 ||| IDENTIFYING bubbling white potion
  3406 | D:3      | 3406 ||| READING 2 scrolls of identify.
  3406 | D:3      | 3406 ||| IDENTIFYING bubbling orange potion
  3407 | D:3      | 3407 ||| DROPPING potion of magic.
  3408 | D:3      | 3408 ||| DROPPING 2 potions of flight.
  3434 | D:4      | Noticed an ogre
  3442 | D:4      | 3442 ||| Stepping ~*~*~tactically~*~*~ (stealth).
  3446 | D:4      | Killed an ogre
  3447 | D:4      | Reached skill level 5 in Axes
  3542 | D:4      | 3542 ||| FLEEEEING.
  3544 | D:4      | 3544 ||| STAIRDANCE
  3709 | D:4      | 3709 ||| Stepping ~*~*~tactically~*~*~ (stealth).
  3721 | D:4      | Reached XP level 6. HP: 37/38 MP: 6/6
  3862 | D:4      | 3862 ||| DROPPING +0 flail.
  4188 | D:4      | 4188 ||| UPGRADING to ring of positive energy.
  4189 | D:4      | 4189 ||| READING scroll labelled CAUG TA FIAT.
  4190 | D:4      | 4190 ||| READING scroll labelled DERENE ULUHUER.
  4191 | D:4      | 4191 ||| DRINKING 2 lumpy pink potions.
  4221 | D:5      | Entered Level 5 of the Dungeon
  4245 | D:5      | Noticed Eustachio
  4246 | D:5      | 4246 ||| Stepping ~*~*~tactically~*~*~ (hiding).
  4262 | D:5      | 4262 ||| Stepping ~*~*~tactically~*~*~ (hiding).
  4279 | D:5      | Killed Eustachio
  4280 | D:5      | Reached skill level 6 in Axes
  4280 | D:5      | Reached XP level 7. HP: 35/44 MP: 7/7
  4371 | D:5      | Reached skill level 1 in Dodging
  4375 | D:5      | Reached skill level 7 in Axes
  4702 | D:5      | Reached XP level 8. HP: 48/49 MP: 8/8
  4853 | D:5      | 4853 ||| Stepping ~*~*~tactically~*~*~ (hiding).
  4854 | D:5      | 4854 ||| Stepping ~*~*~tactically~*~*~ (hiding).
  5021 | D:5      | 5021 ||| Stepping ~*~*~tactically~*~*~ (stealth).
  5023 | D:5      | 5023 ||| Stepping ~*~*~tactically~*~*~ (stealth).
  5028 | D:5      | 5028 ||| Stepping ~*~*~tactically~*~*~ (stealth).
  5035 | D:5      | Reached skill level 8 in Axes
  5116 | D:5      | 5116 ||| Stepping ~*~*~tactically~*~*~ (stealth).
  5218 | D:5      | Noticed Edmund
  5246 | D:5      | HP: 11/51 [Edmund/+3 flail of protection (6)]
  5248 | D:5      | HP: 4/51 [Edmund/+3 flail of protection (5)]
  5249 | D:5      | HP: 1/51 [Edmund/+3 flail of protection (3)]
  5250 | D:5      | Killed Edmund
  5251 | D:5      | Reached skill level 6 in Fighting
  5575 | D:5      | Noticed Menkaure
  5586 | D:5      | Killed Menkaure
  5587 | D:5      | 5587 ||| DRINKING 4 potions of curing.
  5587 | D:5      | 5587 ||| (to cure confusion)
  5702 | D:5      | Identified the +0 helmet "Ebriat Domn" {Dex+3}
  5907 | D:5      | 5907 ||| DROPPING +2 ring mail of cold resistance.
  5908 | D:5      | 5908 ||| UPGRADING to +1 helmet.
  5918 | D:5      | 5918 ||| DROPPING +0 helmet.
  5919 | D:5      | 5919 ||| UPGRADING to +1 chain mail of cold resistance.
  5929 | D:5      | 5929 ||| DROPPING +0 chain mail.
  5930 | D:5      | 5930 ||| UPGRADING to +0 helmet "Ebriat Domn" {Dex+3}.
  5940 | D:5      | 5940 ||| DROPPING +1 helmet.
  5941 | D:5      | 5941 ||| UPGRADING to +6 ring of strength.
  5943 | D:5      | 5943 ||| UPGRADING to ring of resist corrosion.
  5945 | D:5      | 5945 ||| READING scroll labelled ONLUNI EDIUNONKE.
  5946 | D:5      | 5946 ||| DRINKING 2 dark potions.
  6025 | D:6      | 6025 ||| Stepping ~*~*~tactically~*~*~ (hiding).
  6176 | D:6      | 6176 ||| Stepping ~*~*~tactically~*~*~ (stealth).
  6180 | D:6      | Reached XP level 9. HP: 56/56 MP: 9/9
  6184 | D:6      | 6184 ||| Stepping ~*~*~tactically~*~*~ (stealth).
  6186 | D:6      | 6186 ||| Stepping ~*~*~tactically~*~*~ (stealth).
  6193 | D:6      | Reached skill level 9 in Axes
  6209 | D:6      | 6209 ||| Stepping ~*~*~tactically~*~*~ (hiding).
  6289 | D:6      | 6289 ||| Stepping ~*~*~tactically~*~*~ (stealth).
  6477 | D:6      | 6477 ||| READING 2 scrolls of enchant weapon.
  6477 | D:6      | 6477 ||| ENCHANTING +3 war axe.
  6478 | D:6      | 6478 ||| READING scroll of enchant weapon.
  6478 | D:6      | 6478 ||| ENCHANTING +4 war axe.
  6583 | D:6      | Noticed Grinder
  6589 | D:6      | Killed Grinder
  6822 | D:6      | 6822 ||| UPGRADING to +1 pair of gloves.
  6827 | D:6      | 6827 ||| DROPPING +1 hat of stealth.
  6828 | D:6      | 6828 ||| UPGRADING to scarf of resistance.
  6833 | D:6      | 6833 ||| DROPPING amulet of magic regeneration.
  6834 | D:6      | 6834 ||| READING scroll labelled LIORPH ZUDE.
  6856 | D:7      | 6856 ||| STAIRDANCE
  6918 | D:7      | Noticed a hornet
  6927 | D:7      | Killed a hornet
  7030 | D:7      | Found a basalt altar of Yredelemnul.
  7067 | D:7      | Reached skill level 10 in Axes
  7113 | D:7      | Found a staircase to the Ecumenical Temple.
  7114 | D:7      | 7114 ||| PLANNING TEMPLE
  7119 | Temple   | Entered the Ecumenical Temple
  7129 | Temple   | 7129 ||| PLANNING OKAWARU WORSHIP
  7134 | Temple   | Became a worshipper of Warmaster Okawaru
  7135 | Temple   | 7135 ||| PLANNING D:1-11
  7233 | D:7      | Found a large runed translucent door.
  7234 | D:7      | Found a large runed translucent door.
  7250 | D:7      | Noticed a troll
  7251 | D:7      | Reached XP level 10. HP: 63/64 MP: 10/10
  7395 | D:7      | Identified the +0 pair of gloves of Eternal Vigilance {rF+
                  | Dex+3}
  7411 | D:7      | Noticed a two-headed ogre
  7417 | D:7      | Found a large runed translucent door.
  7417 | D:7      | Found a large runed translucent door.
  7430 | D:7      | 7430 ||| Stepping ~*~*~tactically~*~*~ (hiding).
  7431 | D:7      | 7431 ||| Stepping ~*~*~tactically~*~*~ (hiding).
  7565 | D:7      | 7565 ||| Stepping ~*~*~tactically~*~*~ (stealth).
  7585 | D:7      | Reached * piety under Okawaru
  7682 | D:7      | Identified the +4 battleaxe of No Interval {speed, rN+}
  7798 | D:7      | 7798 ||| UPGRADING to +0 pair of gloves of Eternal
                  | Vigilance {rF+ Dex+3}.
  7808 | D:7      | 7808 ||| DROPPING +1 pair of gloves.
  7809 | D:7      | 7809 ||| DRINKING 3 fuming red potions.
  7831 | D:7      | 7831 ||| READING 3 scrolls of identify.
  7831 | D:7      | 7831 ||| IDENTIFYING cyan potion
  7859 | D:8      | 7859 ||| INVOKING Heroism.
  7872 | D:8      | Noticed Erica
  7873 | D:8      | Reached skill level 1 in Invocations
  7873 | D:8      | 7873 ||| INVOKING Heroism.
  7893 | D:8      | 7893 ||| DRINKING 4 potions of curing.
  7893 | D:8      | 7893 ||| (to cure confusion)
  7903 | D:8      | Killed Erica
  7904 | D:8      | Reached skill level 11 in Axes
  7904 | D:8      | Reached skill level 3 in Invocations
  7927 | D:8      | 7927 ||| FLEEEEING.
  7929 | D:8      | 7929 ||| FLEEEEING.
  7930 | D:8      | 7930 ||| FLEEEEING.
  7931 | D:8      | 7931 ||| FLEEEEING.
  7934 | D:8      | 7934 ||| STAIRDANCE
  8133 | D:8      | 8133 ||| INVOKING Heroism.
  8141 | D:8      | 8141 ||| Stepping ~*~*~tactically~*~*~ (stealth).
  8160 | D:8      | 8160 ||| DROPPING +0 morningstar.
  8173 | D:8      | Found a shimmering altar of Xom.
  8175 | D:8      | 8175 ||| Stepping ~*~*~tactically~*~*~ (stealth).
  8181 | D:8      | 8181 ||| Stepping ~*~*~tactically~*~*~ (stealth).
  8182 | D:8      | 8182 ||| Stepping ~*~*~tactically~*~*~ (stealth).
  8208 | D:8      | 8208 ||| Stepping ~*~*~tactically~*~*~ (stealth).
  8219 | D:8      | Reached skill level 3 in Dodging
  8293 | D:8      | 8293 ||| Stepping ~*~*~tactically~*~*~ (hiding).
  8306 | D:8      | 8306 ||| Stepping ~*~*~tactically~*~*~ (hiding).
  8311 | D:8      | Reached ** piety under Okawaru
  8351 | D:8      | 8351 ||| INVOKING Heroism.
  8362 | D:8      | Reached skill level 6 in Armour
  8456 | D:8      | 8456 ||| INVOKING Heroism.
  8496 | D:8      | 8496 ||| READING 3 scrolls of enchant weapon.
  8496 | D:8      | 8496 ||| ENCHANTING +5 war axe.
  8497 | D:8      | 8497 ||| READING 2 scrolls of enchant weapon.
  8497 | D:8      | 8497 ||| ENCHANTING +6 war axe.
  8498 | D:8      | 8498 ||| READING scroll of enchant weapon.
  8498 | D:8      | 8498 ||| ENCHANTING +7 war axe.
  8557 | D:8      | 8557 ||| INVOKING Heroism.
  8614 | D:8      | Found a radiant altar of Vehumet.
  8676 | D:8      | Found an opulent altar of Gozag.
  8855 | D:8      | 8855 ||| DROPPING ring of wizardry.
  8856 | D:8      | 8856 ||| UPGRADING to +6 ring of dexterity.
  8858 | D:8      | 8858 ||| DROPPING ring of positive energy.
  8881 | D:9      | Found a burning altar of Makhleb.
  8882 | D:9      | 8882 ||| INVOKING Heroism.
  8898 | D:9      | Reached XP level 11. HP: 61/69 MP: 12/14
  8975 | D:9      | 8975 ||| Stepping ~*~*~tactically~*~*~ (stealth).
  8983 | D:9      | Reached skill level 9 in Fighting
  8984 | D:9      | 8984 ||| FLEEEEING.
  8985 | D:9      | 8985 ||| FLEEEEING.
  8986 | D:9      | 8986 ||| FLEEEEING.
  8987 | D:9      | 8987 ||| FLEEEEING.
  8988 | D:9      | 8988 ||| FLEEEEING.
  8995 | D:9      | 8995 ||| Stepping ~*~*~tactically~*~*~ (stealth).
  8999 | D:9      | 8999 ||| Stepping ~*~*~tactically~*~*~ (stealth).
  9005 | D:9      | 9005 ||| Stepping ~*~*~tactically~*~*~ (stealth).
  9024 | D:9      | 9024 ||| Stepping ~*~*~tactically~*~*~ (stealth).
  9028 | D:9      | 9028 ||| Stepping ~*~*~tactically~*~*~ (stealth).
  9061 | D:9      | 9061 ||| Stepping ~*~*~tactically~*~*~ (stealth).
  9063 | D:9      | 9063 ||| DRINKING 3 potions of curing.
  9063 | D:9      | 9063 ||| (to cure confusion)
  9067 | D:9      | 9067 ||| Stepping randomly (disturbance).
  9115 | D:9      | Noticed a wizard
  9120 | Abyss:2  | Cast into level 2 of the Abyss (a wizard)
  9170 | Abyss:2  | 9170 ||| INVOKING Heroism.
  9172 | Abyss:2  | HP: 17/71 [large abomination (4)]
  9173 | Abyss:2  | 9173 ||| DRINKING potion of heal wounds.
  9181 | Abyss:2  | Noticed a wretched star
  9182 | Abyss:2  | 9182 ||| Stepping ~*~*~tactically~*~*~ (stealth).
  9183 | Abyss:2  | Noticed a thrashing horror
  9184 | Abyss:2  | 9184 ||| Stepping ~*~*~tactically~*~*~ (stealth).
  9187 | Abyss:2  | 9187 ||| Stepping ~*~*~tactically~*~*~ (stealth).
  9188 | Abyss:2  | 9188 ||| Stepping ~*~*~tactically~*~*~ (stealth).
  9189 | Abyss:2  | 9189 ||| Stepping ~*~*~tactically~*~*~ (stealth).
  9190 | Abyss:2  | 9190 ||| Stepping ~*~*~tactically~*~*~ (stealth).
  9191 | Abyss:2  | 9191 ||| Stepping ~*~*~tactically~*~*~ (stealth).
  9249 | Abyss:2  | Noticed an Executioner
  9250 | Abyss:2  | 9250 ||| Stepping ~*~*~tactically~*~*~ (stealth).
  9252 | Abyss:2  | 9252 ||| INVOKING Heroism.
  9254 | Abyss:2  | HP: 9/71 [Executioner (17)]
  9254 | Abyss:2  | Mangled by an Executioner

Levels and vault maps discovered:
D:1:      dpeg_arrival_morbid_curiosity, layout_basic, serial_shops, shop,
          hellmonk_ecumenical_altar_crossroads, corexii_item_surrounded_by_moat
D:2:      layout_loops_corners, kennysheep_decorative_pillar
D:3:      layout_basic, nicolae_wu_jian_glorious_leap
D:4:      layout_rooms, nicolae_kite_square_tiling_tiny
D:5:      layout_basic, uniq_menkaure, uniq_edmund, uniq_eustachio
D:6:      layout_loops_ring, uniq_grinder
D:7:      layout_gridville, overflow_temple_1_default, minmay_temple_entry_hall,
          minmay_hollow_rounded_squares
D:8:      layout_basic, mainiacjoe_overflow_small_starburst, old_standard_altar,
          nicolae_gozag_cash_rules_everything_around_me, uniq_erica
D:9:      wander_kiku_kobolds, layout_layer_cave,
          mainiacjoe_overflow_tiny_flanked, lair_entry_dummy, serial_shops,
          nicolae_square_shop, minmay_misc_feat_doors, laboratory
Temple:   hellmonk_temple_two_chambers
Abyss:2:  base: D:7, spicy_abyss_unhelpful_harpoons

Skill      XL: |  1  2  3  4  5  6  7  8  9 10 11 |
---------------+----------------------------------+-----
Axes           | 2 3 4 5 6 7 8 10 11 | 11.3
Fighting       | 4 5 6 8 9 |  9.1
Dodging        | 1 2 3 4 |  4.0
Armour         | 4 5 6 |  6.0
Shields        | 4 5 |  5.7
Invocations    | 4 |  4.0

Action                   |  1- 3 |  4- 6 |  7- 9 | 10-12 || total
-------------------------+-------+-------+-------+-------++-------
Melee: War axe           |   117 |   154 |   230 |   193 ||   694
Invok: Heroism           |       |       |       |     9 ||     9
  Use: Scroll            |     2 |    12 |     4 |     4 ||    22
       Potion            |     1 |     3 |     2 |     4 ||    10
Armor: Scale mail        |    50 |       |       |       ||    50
       Ring mail         |    14 |    25 |       |       ||    39
       Chain mail        |       |    86 |   140 |    87 ||   313
Dodge: Dodged            |    45 |    69 |   100 |    79 ||   293
Block: Buckler           |    20 |    14 |    40 |    42 ||   116

Table legend:
 A = Non-vault XP
 B = Vault XP
 C = Vault XP percentage of total XP
 D = Non-vault monster count
 E = Vault monster count
 F = Vault count percentage of total count
                 A         B        C        D         E       F
            +---------+---------+-------+---------+---------+-------
      Total |    8135 |    2751 |  25.3 |     204 |      19 |   8.5
            +---------+---------+-------+---------+---------+-------
        D:1 |      53 |       8 |  13.1 |      30 |       4 |  11.8
        D:2 |      77 |       0 |   0.0 |      17 |       0 |   0.0
        D:3 |      32 |       0 |   0.0 |      15 |       0 |   0.0
        D:4 |     407 |       0 |   0.0 |      24 |       0 |   0.0
        D:5 |    1024 |     526 |  33.9 |      21 |       3 |  12.5
        D:6 |    1078 |     286 |  21.0 |      19 |       1 |   5.0
        D:7 |    1232 |    1097 |  47.1 |      13 |      10 |  43.5
        D:8 |    2378 |     834 |  26.0 |      47 |       1 |   2.1
        D:9 |    1689 |       0 |   0.0 |      17 |       0 |   0.0
    Abyss:2 |     165 |       0 |   0.0 |       1 |       0 |   0.0
            +---------+---------+-------+---------+---------+-------
